 Dungeon Crawl Stone Soup version 0.31-a0-277-g31ea1f65cc (webtiles) character file.

Game seed: 3096406632666498932

202117 mopl the Devastator (level 19, -2/139 HPs)
             Began as an Octopode Hedge Wizard on July 14, 2023.
             Was a High Priest of Vehumet.
             Slain by an alligator (11 damage)
             ... on level 2 of the Swamp on July 15, 2023.
             The game lasted 01:41:00 (36488 turns).

mopl the Devastator (Octopode Hedge Wizard)        Turns: 36488, Time: 01:41:01

Health: -2/139     AC: -2    Str:  6    XL:     19   Next: 1%
Magic:  41/47      EV: 21    Int: 47    God:    Vehumet [*****.]
Gold:   2949       SH:  0    Dex: 13    Spells: 5/48 levels left

rFire   + + .        R - staff of fire
rCold   + . .        C - orb {*channel}
rNeg    . . .        b - +1 hat
rPois   .            v - amulet of regeneration
rElec   +            e - +6 ring of intelligence
rCorr   +            o - +5 ring of evasion
SInv    +            r - +6 ring of intelligence
Will    +....        q - ring of magical power
Stlth   +++          V - ring of Beauty {Wiz rElec rF+ rCorr}
HPRegen 1.23/turn    W - ring of see invisible
MPRegen 0.30/turn    J - ring "Susent" {rC+ Str-3 Int+6 Slay+5}
                     G - +6 ring of intelligence

%: wizardry (x1), channel magic (20%)
@: marked, corroded, studying 2 skills
A: almost no armour, amphibious, 8 rings, camouflage 1, gelatinous body 1,
(nimble swimmer 1), tentacles
a: Renounce Religion


You were on level 2 of the Swamp.
You worshipped Vehumet.
Vehumet was extremely pleased with you.
You visited 6 branches of the dungeon, and saw 29 of its levels.
You also visited: Sewer and Ice Cave.

You collected 4327 gold pieces.
You spent 1378 gold pieces at shops.

Inventory:

Missiles
 a - 7 poisoned darts
 E - 3 throwing nets
 P - 5 curare-tipped darts
Armour
 b - a +1 hat (worn)
 C - an orb of energy (worn)
Magical Staves
 R - a staff of fire (weapon)
Jewellery
 e - a +6 ring of intelligence (left tentacle)
 g - the ring "Xemiuram" {Wiz Int+4}
   (You took it off a deep elf demonologist on level 3 of the Elven Halls)

   [ring of wizardry]

   It improves your spell success rate.
   Int:       It affects your intelligence (+4).
 j - a ring of resist corrosion
 o - a +5 ring of evasion (right tentacle)
 q - a ring of magical power (on tentacle)
 r - a +6 ring of intelligence (on tentacle)
 v - an amulet of regeneration (around mantle)
 G - a +6 ring of intelligence (on tentacle)
 H - a ring of willpower
 J - the ring "Susent" (on tentacle) {rC+ Str-3 Int+6 Slay+5}
   (You found it on level 3 of the Lair of Beasts)

   [ring of protection from cold]

   Str:       It affects your strength (-3).
   Int:       It affects your intelligence (+6).
   Slay:      It affects your accuracy & damage with ranged weapons and melee
   (+5).
   rC:        It protects you from cold.
 U - an amulet of magic regeneration
 V - the ring of Beauty (on tentacle) {Wiz rElec rF+ rCorr}
   (You bought it in a shop on level 2 of the Elven Halls)

   [ring of wizardry]

   It improves your spell success rate.
   rF:        It protects you from fire.
   rElec:     It insulates you from electricity.
   rCorr:     It protects you from acid and corrosion.
 W - a ring of see invisible (on tentacle)
Wands
 h - a wand of digging (20)
 l - a wand of charming (47)
 p - a wand of polymorph (12)
 z - a wand of flame (20)
 L - a wand of mindburst (41)
 T - a wand of iceblast (22)
 Y - a wand of acid (24)
Scrolls
 f - 9 scrolls of teleportation
 t - 4 scrolls of vulnerability
 u - 4 scrolls of fog
 y - 8 scrolls of revelation
 A - 5 scrolls of poison
 B - 8 scrolls of blinking
 K - 6 scrolls of immolation
 S - 5 scrolls of fear
 X - 4 scrolls of identify
Potions
 c - 7 potions of magic
 d - 3 potions of cancellation
 i - 5 potions of curing
 k - 4 potions of berserk rage {!q}
 m - 3 potions of invisibility
 s - 5 potions of resistance
 w - 13 potions of enlightenment
 x - 9 potions of heal wounds
 F - 5 potions of brilliance
 M - a potion of ambrosia
 N - 3 potions of haste
Miscellaneous
 I - a phantom mirror
 O - a tin of tremorstones (2/2)
 Q - a lightning rod (4/4)
 Z - a phial of floods


   Skills:
 + Level 15.4 Fighting
 + Level 7.7 Dodging
 - Level 2.6 Stealth
 * Level 15.2 Spellcasting
 * Level 16.0 Conjurations
 + Level 4.9 Hexes
 - Level 1.0 Summonings
 - Level 5.0 Translocations
 - Level 5.0 Transmutations
 + Level 4.7 Fire Magic
 * Level 16.0 Air Magic
 + Level 12.4 Evocations


You had 5 spell levels left.
You knew the following spells:

 Your Spells              Type           Power      Damage    Failure   Level
a - Maxwell's Capacitive  Air            56%        ∞         2%          8
b - Arcjolt               Conj/Air       56%        1d66      1%          5
c - Mephitic Cloud        Conj/Pois/Air  94%        N/A       1%          3
d - Plasma Beam           Fire/Air       58%        2x1d73    1%          6
e - Blink                 Tloc           100%       N/A       1%          2
f - Airstrike             Air            56%        2d(8-24)  1%          4
i - Irradiate             Conj/Tmut      47%        3d27      1%          5
y - Yara's Violent Unrav  Hex/Tmut       35%        3d14      1%          5
C - Freezing Cloud        Conj/Ice/Air   47%        6-21      1%          5

Your spell library contained the following spells:

 Spells                   Type           Power      Damage    Failure   Level
 Chain Lightning          Conj/Air       56%        3d74      16%         9
 Ignition                 Fire           44%        3d13      58%         8
 Fire Storm               Conj/Fire      58%        8d15      71%         9
 Apportation              Tloc           100%       N/A       1%          1
 Foxfire                  Conj/Fire      100%       2x1d9     1%          1
 Freeze                   Ice            100%       1d10      1%          1
 Magic Dart               Conj           100%       1d8       1%          1
 Shock                    Conj/Air       100%       1d9       1%          1
 Slow                     Hex            100%       N/A       1%          1
 Sting                    Tmut/Pois      100%       1d8       1%          1
 Call Imp                 Summ           90%        N/A       1%          2
 Cigotuvi's Dreadful Rot  Necr/Pois/Air  100%       N/A       1%          2
 Ensorcelled Hibernation  Hex/Ice        100%       N/A       1%          2
 Poisonous Vapours        Pois/Air       100%       N/A       1%          2
 Searing Ray              Conj           100%       2d8       1%          2
 Static Discharge         Conj/Air       100%       2-7/arc   1%          2
 Dazzling Flash           Conj/Hex       100%       N/A       1%          3
 Frozen Ramparts          Ice            70%        1d11      1%          3
 Hailstorm                Conj/Ice       84%        3d17      1%          3
 Inner Flame              Hex/Fire       89%        N/A       1%          3
 Portal Projectile        Hex/Tloc       100%       N/A       1%          3
 Tukima's Dance           Hex            70%        N/A       1%          3
 Vhi's Electric Charge    Tloc/Air       100%       N/A       1%          3
 Volatile Blastmotes      Fire/Tloc      100%       2d18      1%          3
 Cause Fear               Hex            35%        N/A       1%          4
 Flame Wave               Conj/Fire      100%       2d21      1%          4
 Fulminant Prism          Conj/Hex       47%        3d21      1%          4
 Iskenderun's Mystic Bla  Conj/Tloc      94%        2d18      1%          4
 Manifold Assault         Tloc           70%        N/A       1%          4
 Passage of Golubria      Tloc           70%        N/A       1%          4
 Sticky Flame             Conj/Fire      100%       2d11      1%          4
 Summon Lightning Spire   Summ/Air       86%        N/A       1%          4
 Silence                  Hex/Air        47%        N/A       1%          5
 Sublimation of Blood     Necr           35%        N/A       2%          2
 Call Canine Familiar     Summ           45%        N/A       2%          3
 Olgreb's Toxic Radiance  Pois           35%        N/A       2%          4
 Anguish                  Hex/Necr       28%        N/A       3%          4
 Leda's Liquefaction      Hex/Erth       28%        N/A       3%          4
 Petrify                  Tmut/Erth      56%        N/A       3%          4
 Summon Ice Beast         Ice/Summ       40%        N/A       6%          4
 Dispel Undead            Necr           35%        3d15      7%          4
 Alistair's Intoxication  Tmut/Pois      37%        N/A       7%          5
 Borgnjor's Vile Clutch   Necr/Erth      17%        N/A       16%         5
 Starburst                Conj/Fire      58%        6d15      1%          6
 Spellforged Servitor     Conj/Summ      43%        N/A       4%          7
 Eringya's Noxious Bog    Tmut/Pois      28%        4d6       8%          6
 Lehudib's Crystal Spear  Conj/Erth      42%        10d10     24%         8
 Enfeeble                 Hex            35%        N/A       45%         7
 Death Channel            Necr           17%        N/A       52%         6
 Simulacrum               Ice/Necr       17%        N/A       52%         6
 Ozocubu's Refrigeration  Ice            17%        4d11      56%         7
 Malign Gateway           Summ/Tloc      29%        N/A       67%         7
 Summon Horrible Things   Summ           22%        N/A       100%        8
 Polar Vortex             Ice            17%        12d2*     100%        9


Dungeon Overview and Level Annotations

Branches:
Dungeon (15/15)            Temple (1/1) D:6            Lair (5/5) D:9
  Swamp (3/4) Lair:3       Spider (0/4) Lair:3        Slime (0/5) Lair:5
    Orc (2/2) D:11            Elf (3/3) Orc:2        Vaults (0/5) D:14
 Depths (0/4) D:15          Sewer (visited)           IceCv (visited)

Altars:
Ashenzari
Cheibriados
Dithmenos
Elyvilon
Fedhas
Gozag
Hepliaklqana
Kikubaaqudgha
Makhleb
Nemelex Xobeh
Okawaru
Qazlal
Ru
Sif Muna
Trog
Uskayaw
Vehumet
Wu Jian
Xom
Yredelemnul
Zin
The Shining One

Shops:
D:4 [*   D:7 :*   D:9 !   D:10 (   D:12 [   D:14 (   Orc:1 [   Orc:2 :*[(
Elf:1 (   Elf:2 =:=   Elf:3 (

Annotations:
D:15 3 runed translucent doors, initializr's ghost, journeyman DrSh
Swamp:1 1 runed translucent door, jt's ghost, journeyman VSDe
Elf:2 3 runed translucent doors


Innate Abilities, Weirdness & Mutations

You cannot wear most types of armour.
You are amphibious.
You can wear up to eight rings at the same time.
Your skin changes colour to match your surroundings (Stealth+).
Your rubbery body absorbs attacks. (AC +1, EV +1)
((You are camouflaged when in or above water. (Stealth+)))
You have tentacles for arms and can constrict up to eight enemies at once.


Message History

An alligator comes into view.
The alligator puts on a burst of speed!
The spriggan druid calls out to the beasts of the wild!
The alligator closely misses you. The alligator completely misses you.
A goliath frog comes into view.
The alligator attacks as you move away! The alligator bites you!
The alligator completely misses you.
You enter the shallow water.
The alligator closely misses you. The alligator tail-slaps you!
The alligator misses you. The alligator completely misses you. x2
The alligator tail-slaps you! The alligator attacks as you move away!
The alligator barely misses you. The alligator tail-slaps you.
The alligator attacks as you move away! The alligator bites you.
The alligator barely misses you.
You enter the shallow water.
The goliath frog hits you from afar!!
You are splashed with acid.
You resist. The alligator bites you. The alligator misses you.
There is a stone staircase leading up, spattered with blood here.
The goliath frog hits you from afar! The acid corrodes you!
You are splashed with acid.
You resist. The alligator closely misses you. The alligator tail-slaps you!
The goliath frog hits you from afar!
* * * LOW HITPOINT WARNING * * *
You are splashed with acid.
You resist.
* * * LOW HITPOINT WARNING * * *
You climb upwards.
There is a stone staircase leading down here.
Casting: Airstrike (safe; 1% risk of failure)
Confirm with . or Enter, or press ? or * to list all spells.
You blink.
Casting: Blink (safe; 1% risk of failure)
Confirm with . or Enter, or press ? or * to list all spells.
Aiming: Airstrike (safe; 1% risk of failure)
Press: ? - help, Dir - move target, f - alligator
Aim: an alligator (covering ground quickly, empty space bonus: 8/8)
The air twists around and strikes the alligator!
The alligator is moderately wounded.
The alligator bites you!!
* * * LOW HITPOINT WARNING * * *
The alligator tail-slaps you!
You die...

♣♣♣~~♣~§~..♣ ♣♣.~♣~~~..♣.~~~
♣.~~~~..§♣ ♣.~.~.~~~§....♣
♣♣~♣~....♣ ♣~~~..~~..~.~~~
♣.~.♣~♣.♣ ♣♣~....~~.~~~^~~
♣♣.[.~~~.♣ ♣♣.....§~..♣~~..~
♣~~~♣..~~♣♣♣♣.~~≈.....~~.♣♣~♣
♣♣♣♣♣..♣♣.♣..♣.~~~~.....~~.~.~.~♣
♣......♣♣.~....~~~§..♣.~~....~.♣♣
♣♣♣..>♣♣♣....~~)@.~~♣♣~♣~.~♣♣..♣
♣♣♣~~♣♣.♣♣~..t~.~~♣♣.~~~♣♣♣..♣
♣~..♣.~~~.~~~..♣♣♣.~~.♣ ♣..♣
♣~~♣.^~~~>~~..♣♣ ♣~~.♣♣ ♣♣~♣
♣♣~<.~§.~~~~.♣♣ ♣♣~.♣♣ ♣~♣♣
♣~.♣♣♣♣.~~~♣♣ ♣♣...♣ ♣..♣
♣♣..♣♣♣.~§.♣♣♣♣...♣♣ ♣..♣
♣♣..♣♣§♣~.....~..♣ ♣♣.♣
♣♣..♣.~~...~~~.♣♣ ♣.♣


You could see an alligator (swift).

Vanquished Creatures
  A lich (IceCv)
  A deep elf master archer (Elf:3)
  Asterion (Elf:1)
  3 deep elf blademasters (Elf:3)
  Kirke (Lair:5)
  Agnes (D:14)
  Gastronok (D:11)
  3 fenstrider witches
  A thorn hunter (Swamp:2)
  Aizul (Elf:3)
  Roxanne (Elf:1)
  6 deep elf sorcerers
  An orc warlord (Orc:2)
  6 deep elf elementalists
  A very ugly thing (IceCv)
  Nessos (D:12)
  9 deep elf annihilators
  Azrael (D:12)
  3 deep elf demonologists
  A dire elephant (Lair:5)
  3 eleionomae (Swamp:1)
  3 bunyips
  Snorg (Lair:4)
  4 deep elf death magi
  A fire dragon (Lair:5)
  A shambling mangrove (Swamp:2)
  4 deep elf high priests (Elf:3)
  Fannar (Lair:2)
  4 vault guards (D:14)
  A hydra (shapeshifter) (Elf:1)
  2 caustic shrike simulacra (IceCv)
  8 hydras
  An ogre mage (Orc:2)
  3 centaur warriors
  13 two-headed ogres
  4 alligators
  3 catoblepae
  18 death yaks
  14 dancing weapons
  2 boulder beetles (D:15)
  3 orc high priests (Orc:2)
  Sonja (Lair:2)
  6 deep elf knights
  A skeletal warrior (D:6)
  A glowing orange brain (shapeshifter) (Elf:3)
  5 goliath frogs
  An obsidian statue (IceCv)
  8 bog bodies
  2 spriggan simulacra (IceCv)
  5 swamp dragons
  A lindwurm (Lair:5)
  An orb spider (Lair:3)
  5 orc knights
  14 deep elf archers
  A wizard (D:14)
  2 necromancers
  9 cyclopes
  25 deep elf zephyrmancers
  14 ugly things
  6 orc sorcerers
  22 deep elf pyromancers
  2 will-o-the-wisps
  2 oklob plants
  5 manticores
  12 elephants
  A centaur zombie (D:15)
  An ice statue (Lair:3)
  11 black mambas
  3 unseen horrors
  A torpor snail (Lair:2)
  18 cane toads
  2 gargoyles
  Psyche (D:11)
  6 rime drakes
  A kobold demonologist (D:12)
  10 komodo dragons
  16 freezing wraiths
  An ice devil (Lair:3)
  A golden dragon simulacrum (IceCv)
  2 tengu conjurers (D:14)
  An efreet (D:14)
  An anaconda simulacrum (IceCv)
  A bloated husk (Swamp:1)
  3 polar bears (Lair:3)
  4 tyrant leeches
  Prince Ribbit (Lair:2)
  5 trolls
  9 hornets
  A tarantella (shapeshifter) (D:13)
  18 blink frogs
  9 dream sheep (Lair:5)
  2 shadows
  6 water elementals
  7 spriggans
  4 air elementals
  4 dire elephant simulacra (IceCv)
  Eustachio (D:5)
  34 yaks
  4 basilisks
  5 wyverns
  4 steam dragons
  6 fire elementals
  A human (D:14)
  5 hogs (Lair:5)
  22 vampire mosquitoes
  2 minotaur simulacra (IceCv)
  2 swamp worms (Swamp:2)
  3 harpy simulacra (IceCv)
  4 wargs
  3 acid dragons
  18 water moccasins
  3 hell hounds (D:12)
  2 swamp drakes (Swamp:2)
  A sky beast (D:8)
  8 ice beasts
  23 orc warriors
  A hornet zombie (D:15)
  3 alligator simulacra (IceCv)
  3 black bears (D:6)
  An ettin simulacrum (IceCv)
  7 ogres
  9 centaurs
  A phantom (D:4)
  18 wolves
  3 kobold brigands
  3 scorpions
  21 bullfrogs
  2 deep troll simulacra (IceCv)
  2 gnoll sergeants
  A wight (D:6)
  39 killer bees
  3 lindwurm simulacra (IceCv)
  6 howler monkeys
  2 electric eels
  9 hounds
  2 jellies (D:6)
  21 orc priests
  3 gnoll boudas (D:6)
  A boggart zombie (D:15)
  6 hell rats (Lair:5)
  Ijyb (D:4)
  11 iguanas
  34 orc wizards
  2 boggart skeletons (D:15)
  25 gnolls
  15 adders
  5 river rats
  A white imp (Lair:3)
  3 worms
  A dart slug (D:1)
  80 orcs
  10 endoplasms
  3 giant cockroaches
  6 goblins
  7 hobgoblins
  3 jackals (Sewer)
  10 quokkas
  17 ball pythons
  16 bats
  5 frilled lizards
  18 kobolds
  5 rats
1036 creatures vanquished.

Vanquished Creatures (collateral kills)
  2 lindwurm simulacra (IceCv)
2 creatures vanquished.

Vanquished Creatures (others)
  A tengu conjurer (D:14)
  A jelly (D:5)
  2 foxfires (Swamp:1)
4 creatures vanquished.

Grand Total: 1042 creatures vanquished

Notes
Turn   | Place    | Note
-------+----------+-------------------------------------------
     0 | D:1      | mopl the Octopode Hedge Wizard began the quest for the Orb.
     0 | D:1      | Reached XP level 1. HP: 11/11 MP: 4/4
   286 | D:1      | Reached XP level 2. HP: 17/17 MP: 6/6
   289 | D:1      | Learned a level 2 spell: Blink
   814 | D:1      | Reached XP level 3. HP: 17/21 MP: 7/7
  1072 | D:2      | Learned a level 3 spell: Mephitic Cloud
  1116 | D:2      | Reached skill level 2 in Conjurations
  1116 | D:2      | Reached skill level 2 in Translocations
  1586 | D:2      | Reached XP level 4. HP: 27/27 MP: 7/9
  1703 | D:3      | Noticed an ogre
  1715 | D:3      | Killed an ogre
  1716 | D:3      | Reached skill level 1 in Air Magic
  1716 | D:3      | Reached XP level 5. HP: 27/31 MP: 1/10
  1805 | D:3      | Found a blossoming altar of Fedhas.
  1945 | D:3      | Found a sacrificial altar of Ru.
  1950 | D:3      | Found a white marble altar of Elyvilon.
  2075 | D:3      | Found a sparkling altar of Nemelex Xobeh.
  2392 | D:4      | Found Liapp's Assorted Antiques.
  2423 | D:4      | Bought a clear potion for 21 gold pieces
  2423 | D:4      | Bought a smoky ruby potion for 21 gold pieces
  2423 | D:4      | Bought a fizzy silvery potion for 21 gold pieces
  2423 | D:4      | Bought a scroll labelled RYN SUKLOGH for 24 gold pieces
  2423 | D:4      | Bought a scroll labelled JANLODGH UMMAE for 24 gold pieces
  2432 | D:4      | Found Mebb's Armour Boutique.
  2687 | D:4      | Reached skill level 2 in Air Magic
  2869 | D:4      | Reached skill level 3 in Translocations
  3001 | D:5      | Entered Level 5 of the Dungeon
  3019 | D:5      | Reached skill level 4 in Spellcasting
  3023 | D:5      | Reached skill level 3 in Conjurations
  3023 | D:5      | Reached XP level 6. HP: 35/36 MP: 6/12
  3172 | D:5      | Learned a level 4 spell: Airstrike
  3269 | D:5      | Noticed Eustachio
  3282 | D:5      | Reached skill level 3 in Air Magic
  3309 | D:5      | Noticed Ijyb
  3323 | D:4      | Reached XP level 7. HP: 41/41 MP: 13/13
  3369 | D:4      | Killed Ijyb
  3370 | D:4      | Reached skill level 4 in Conjurations
  3424 | D:5      | Killed Eustachio
  3425 | D:5      | Reached skill level 5 in Spellcasting
  3591 | D:5      | Found an ornate altar of the Wu Jian Council.
  3935 | D:5      | Reached skill level 4 in Air Magic
  3959 | D:5      | Learned a level 5 spell: Arcjolt
  4059 | D:6      | Reached XP level 8. HP: 8/47 MP: 15/15
  4078 | D:6      | Reached skill level 1 in Fighting
  4283 | D:6      | Reached skill level 5 in Conjurations
  4309 | D:6      | Found a glowing drain.
  4318 | Sewer    | Entered a sewer
  4551 | Sewer    | Reached skill level 2 in Fighting
  4911 | D:6      | Noticed a shadow
  5106 | D:6      | Killed a shadow
  5107 | D:6      | Reached skill level 5 in Air Magic
  5107 | D:6      | Reached skill level 1 in Evocations
  5352 | D:6      | Reached skill level 6 in Spellcasting
  5357 | D:6      | Reached skill level 3 in Fighting
  5370 | D:6      | Found a staircase to the Ecumenical Temple.
  5394 | Temple   | Entered the Ecumenical Temple
  5492 | Temple   | Became a worshipper of Vehumet
  5625 | D:6      | Reached skill level 2 in Evocations
  5625 | D:6      | Reached XP level 9. HP: 42/56 MP: 18/18
  5814 | D:6      | Noticed a skeletal warrior
  5862 | D:6      | Reached skill level 6 in Conjurations
  6028 | D:6      | Reached skill level 3 in Evocations
  6461 | D:6      | Killed a skeletal warrior
  6462 | D:6      | Reached skill level 4 in Fighting
  6462 | D:6      | Reached skill level 6 in Air Magic
  6583 | D:7      | Identified the +7 quarterstaff of the Many Villages {flame,
                  | Dex+3}
  6660 | D:7      | Reached * piety under Vehumet
  6660 | D:7      | Offered knowledge of Shock by Vehumet.
  6661 | D:7      | Reached skill level 4 in Evocations
  6758 | D:7      | Found Untit's Assorted Antiques.
  6770 | D:7      | Bought a scroll labelled PUK QEESKYFA for 32 gold pieces
  6770 | D:7      | Bought a tapered bone wand for 128 gold pieces
  6770 | D:7      | Bought a scroll labelled RYN SUKLOGH for 32 gold pieces
  6790 | D:7      | Found a large runed translucent door.
  6791 | D:7      | Found a large runed translucent door.
  6793 | D:7      | Noticed a cyclops
  6795 | D:7      | Noticed a two-headed ogre
  6800 | D:7      | Found a large runed translucent door.
  6800 | D:7      | Found a large runed translucent door.
  6819 | D:7      | Found Vuiz's Book Boutique.
  6921 | D:7      | Reached skill level 7 in Spellcasting
  6921 | D:7      | Reached XP level 10. HP: 65/65 MP: 20/20
  6953 | D:7      | Reached skill level 5 in Fighting
  6953 | D:7      | Reached skill level 7 in Conjurations
  6973 | D:7      | Found a glowing silver altar of Zin.
  7598 | D:7      | Killed a two-headed ogre
  7599 | D:7      | Reached skill level 7 in Air Magic
  7599 | D:7      | Reached skill level 5 in Evocations
  7601 | D:7      | Killed a cyclops
  7620 | D:7      | Identified the +9 quarterstaff "Tizximmi" {drain, Drain
                  | rPois Str+2}
  7646 | D:8      | Noticed a two-headed ogre
  7650 | D:8      | Killed a two-headed ogre
  7651 | D:8      | Reached skill level 6 in Fighting
  7846 | D:8      | Reached skill level 8 in Spellcasting
  7846 | D:8      | Reached skill level 8 in Conjurations
  8024 | D:8      | Reached XP level 11. HP: 74/74 MP: 23/23
  8444 | D:8      | Offered knowledge of Sandblast by Vehumet.
  8446 | D:8      | Reached ** piety under Vehumet
  8715 | D:8      | Reached skill level 8 in Air Magic
  8939 | D:9      | Found a staircase to the Lair.
  8946 | D:9      | Reached skill level 7 in Fighting
  8947 | D:9      | Reached skill level 6 in Evocations
  9113 | D:9      | Found a basalt altar of Yredelemnul.
  9117 | D:9      | Offered knowledge of Inner Flame by Vehumet.
  9349 | D:9      | Found Oxyddac's Distillery.
  9357 | D:9      | Bought a potion of haste for 170 gold pieces
  9410 | D:10     | Entered Level 10 of the Dungeon
  9417 | D:10     | Learned a level 5 spell: Irradiate
  9551 | D:10     | Noticed a two-headed ogre
  9561 | D:10     | Killed a two-headed ogre
  9678 | D:10     | Identified the +3 dagger "Anludootaumn" {distort, rElec
                  | rPois}
  9689 | D:10     | Reached *** piety under Vehumet
  9788 | D:10     | Found Renna's Weapon Shoppe.
  9928 | D:10     | Reached skill level 1 in Transmutations
 10227 | D:10     | Reached skill level 9 in Conjurations
 10809 | D:11     | Offered knowledge of Stone Arrow by Vehumet.
 10812 | D:11     | HP: 2/77 [troll (18)]
 10815 | D:11     | Reached skill level 9 in Spellcasting
 10815 | D:11     | Reached skill level 9 in Air Magic
 11104 | D:11     | Found a staircase to the Orcish Mines.
 11106 | D:11     | Noticed Psyche
 11127 | D:11     | Noticed a cyclops
 11130 | D:11     | Reached skill level 8 in Fighting
 11133 | D:11     | Noticed a cyclops
 11134 | D:11     | Killed a cyclops
 11138 | D:11     | Reached skill level 2 in Transmutations
 11140 | D:11     | Killed Psyche
 11141 | D:11     | Reached XP level 12. HP: 63/82 MP: 14/25
 11417 | Lair:1   | Entered Level 1 of the Lair of Beasts
 11426 | Lair:1   | Noticed a catoblepas
 11431 | Lair:1   | Killed a catoblepas
 11432 | Lair:1   | Reached skill level 4 in Translocations
 11449 | Lair:1   | Found a shimmering altar of Xom.
 11534 | Lair:1   | Reached **** piety under Vehumet
 11710 | Lair:1   | Reached skill level 7 in Evocations
 11878 | Lair:1   | Offered knowledge of Freezing Cloud by Vehumet.
 11885 | Lair:1   | Learned a level 5 spell: Freezing Cloud
 12368 | Lair:2   | Noticed a seven-headed hydra
 12373 | Lair:2   | Killed a seven-headed hydra
 12374 | Lair:2   | Reached skill level 3 in Transmutations
 12395 | Lair:2   | Noticed a death yak
 12599 | Lair:2   | Reached skill level 10 in Conjurations
 12775 | Lair:2   | Reached skill level 9 in Fighting
 12797 | Lair:2   | Reached skill level 10 in Air Magic
 12857 | Lair:2   | Noticed Sonja
 12857 | Lair:2   | Noticed Fannar
 12860 | Lair:2   | Killed Sonja
 12863 | Lair:2   | Reached skill level 10 in Spellcasting
 12864 | Lair:2   | Killed Fannar
 12865 | Lair:2   | Reached skill level 5 in Translocations
 12865 | Lair:2   | Reached XP level 13. HP: 90/90 MP: 27/27
 12871 | Lair:2   | Reached skill level 4 in Transmutations
 13121 | Lair:2   | Found a blossoming altar of Fedhas.
 13257 | Lair:2   | Reached ***** piety under Vehumet
 13257 | Lair:2   | Offered knowledge of Fireball by Vehumet.
 13257 | Lair:2   | Noticed Prince Ribbit
 13263 | Lair:2   | Killed Prince Ribbit
 13372 | Lair:2   | Reached skill level 8 in Evocations
 13815 | Lair:3   | Reached skill level 10 in Fighting
 14000 | Lair:3   | Reached skill level 11 in Conjurations
 14152 | Lair:3   | Reached skill level 11 in Air Magic
 14320 | Lair:3   | Found a staircase to the Swamp.
 14465 | Lair:3   | Reached skill level 5 in Transmutations
 14642 | Lair:3   | Identified the +9 arbalest of Gicoados {drain, rPois Str+3}
 14656 | Lair:3   | Identified the ring "Susent" {rC+ Str-3 Int+6 Slay+5}
 14709 | Lair:3   | Found a hole to the Spider Nest.
 14824 | Lair:3   | Reached skill level 11 in Spellcasting
 14829 | Lair:3   | Identified the ring of Wodghese {Ice +Blink}
 15034 | Lair:4   | Reached XP level 14. HP: 38/99 MP: 26/29
 15260 | Lair:4   | Noticed Snorg
 15265 | Lair:4   | Killed Snorg
 15299 | Lair:4   | Reached skill level 11 in Fighting
 15864 | Lair:5   | Entered Level 5 of the Lair of Beasts
 16073 | Lair:5   | Offered knowledge of Starburst by Vehumet.
 16074 | Lair:5   | Reached skill level 12 in Conjurations
 16074 | Lair:5   | Reached skill level 9 in Evocations
 16148 | Lair:5   | Reached skill level 12 in Air Magic
 16149 | Lair:5   | Noticed Kirke
 16158 | Lair:5   | Killed Kirke
 16348 | Lair:5   | Reached skill level 12 in Spellcasting
 16539 | Lair:5   | Reached skill level 12 in Fighting
 16735 | Lair:5   | Found a staircase to the Slime Pits.
 16772 | Lair:5   | Reached XP level 15. HP: 54/108 MP: 31/31
 17445 | Lair:5   | Reached skill level 3 in Dodging
 17511 | Lair:5   | Reached skill level 13 in Conjurations
 17865 | Orc:1    | Entered Level 1 of the Orcish Mines
 17865 | Orc:1    | Noticed Gastronok
 17880 | D:11     | Killed Gastronok
 17881 | D:11     | Reached skill level 13 in Air Magic
 17926 | Orc:1    | Offered knowledge of Iskenderun's Battlesphere by Vehumet.
 17936 | Orc:1    | Found Ottipur's Antique Armour Emporium.
 18231 | Orc:2    | Entered Level 2 of the Orcish Mines
 18237 | Orc:2    | Reached skill level 10 in Evocations
 18247 | Orc:2    | Found a staircase to the Elven Halls.
 18874 | Orc:2    | Noticed an orc warlord
 18887 | Orc:2    | Killed an orc warlord
 18888 | Orc:2    | Reached skill level 13 in Fighting
 18888 | Orc:2    | Reached skill level 4 in Dodging
 18903 | Orc:2    | Paralysed by an orc sorcerer for 3 turns
 19117 | Orc:2    | Found Haol's Antique Armour Shop.
 19118 | Orc:2    | Found Teacataro's Antique Weapon Shop.
 19120 | Orc:2    | Found Musheabu's General Store.
 19120 | Orc:2    | Found Zozaso's Book Boutique.
 19418 | D:12     | Found Esasot Teno's Armour Boutique.
 19463 | D:12     | Noticed Nessos
 19470 | D:12     | Killed Nessos
 19470 | D:12     | Reached ****** piety under Vehumet
 19825 | D:12     | Offered knowledge of Leda's Unmaking by Vehumet.
 19857 | D:12     | Reached skill level 13 in Spellcasting
 19879 | D:12     | Noticed Azrael
 19885 | D:12     | Killed Azrael
 19886 | D:12     | Reached XP level 16. HP: 80/117 MP: 33/33
 20523 | D:12     | Learned a level 8 spell: Maxwell's Capacitive Coupling
 20660 | D:13     | Found a sacrificial altar of Ru.
 21185 | D:14     | Noticed Agnes
 21191 | D:14     | HP: 3/117 [Agnes/+2 vampiric lajatang (28)]
 21192 | D:14     | Killed Agnes
 21362 | D:14     | Found a frozen archway.
 21379 | IceCv    | Entered an ice cave
 21536 | IceCv    | Offered knowledge of Lee's Rapid Deconstruction by Vehumet.
 21896 | IceCv    | Reached skill level 14 in Conjurations
 21912 | IceCv    | Reached skill level 5 in Dodging
 21912 | IceCv    | Reached skill level 14 in Air Magic
 22000 | IceCv    | Found an ancient bone altar of Kikubaaqudgha.
 22707 | IceCv    | Noticed a lich
 22899 | IceCv    | Killed a lich
 23204 | D:14     | Reached skill level 14 in Fighting
 23369 | D:14     | Reached skill level 11 in Evocations
 23558 | D:14     | Found a gate to the Vaults.
 23884 | D:14     | Found Qiong's Antique Weapon Shoppe.
 23941 | D:15     | Entered Level 15 of the Dungeon
 24017 | D:15     | Offered knowledge of Conjure Ball Lightning by Vehumet.
 24354 | D:15     | Learned a level 5 spell: Yara's Violent Unravelling
 24445 | D:15     | Found a runed translucent gate.
 24446 | D:15     | Found a runed translucent gate.
 24563 | D:15     | Reached XP level 17. HP: 118/126 MP: 34/34
 24814 | D:15     | Found a staircase to the Depths.
 24895 | D:15     | Found a runed translucent gate.
 24948 | D:15     | Noticed initializr's ghost (journeyman DrSh)
 25101 | Lair:1   | Learned a level 6 spell: Plasma Beam
 25206 | Elf:1    | Entered Level 1 of the Elven Halls
 25211 | Elf:1    | Reached skill level 1 in Hexes
 25505 | Elf:1    | Reached skill level 6 in Dodging
 25512 | Elf:1    | Reached skill level 1 in Fire Magic
 25513 | Elf:1    | Reached skill level 14 in Spellcasting
 25894 | Elf:1    | Paralysed by an air elemental for 1 turns
 25910 | Elf:1    | Reached skill level 2 in Hexes
 26044 | Elf:1    | Noticed Roxanne
 26048 | Elf:1    | Killed Roxanne
 26065 | Elf:1    | Noticed Asterion
 26340 | Elf:1    | Found Gonig's Antique Weapon Emporium.
 26577 | Elf:1    | Reached skill level 2 in Fire Magic
 26752 | Elf:1    | Reached skill level 15 in Conjurations
 26980 | Elf:1    | Killed Asterion
 27772 | Elf:2    | Reached skill level 15 in Air Magic
 28450 | Elf:2    | Offered knowledge of Orb of Destruction by Vehumet.
 28572 | Elf:2    | Found a runed translucent gate.
 28572 | Elf:2    | Found a runed translucent gate.
 28577 | Elf:2    | Found a runed translucent gate.
 28942 | Elf:2    | Reached skill level 3 in Hexes
 29384 | Elf:2    | Found Pefog's Jewellery Emporium.
 29384 | Elf:2    | Found Luet's Book Boutique.
 29385 | Elf:2    | Found Kutar's Jewellery Emporium.
 29391 | Elf:2    | Bought the ring of Beauty {Wiz rElec rF+ rCorr} for 905
                  | gold pieces
 29714 | Elf:3    | Entered Level 3 of the Elven Halls
 29720 | Elf:3    | Identified a scroll of acquirement
 29722 | Elf:3    | Acquired 775 gold pieces
 29742 | Elf:3    | Reached skill level 3 in Fire Magic
 29899 | Elf:3    | Reached skill level 15 in Fighting
 29970 | Elf:3    | Noticed Aizul
 29979 | Elf:3    | Killed Aizul
 30474 | Elf:3    | Reached XP level 18. HP: 112/134 MP: 33/36
 30545 | Elf:3    | Found Seinixargho's Weapon Shop.
 30913 | Elf:3    | Noticed a deep elf blademaster
 30919 | Elf:3    | Killed a deep elf blademaster
 30920 | Elf:3    | Reached skill level 7 in Dodging
 30976 | Elf:3    | Identified the +1 ring mail of Complete Protection {rElec
                  | Will- MP+9}
 30981 | Elf:3    | Reached skill level 12 in Evocations
 31110 | Elf:3    | Noticed a deep elf master archer
 31114 | Elf:3    | Killed a deep elf master archer
 31149 | Elf:3    | Noticed a deep elf blademaster
 31153 | Elf:3    | Killed a deep elf blademaster
 31182 | Elf:3    | Noticed a deep elf blademaster
 31210 | Elf:3    | Killed a deep elf blademaster
 31503 | Elf:3    | Reached skill level 4 in Hexes
 31689 | Elf:3    | Identified the ring "Xemiuram" {Wiz Int+4}
 32007 | Elf:3    | Reached skill level 4 in Fire Magic
 32107 | Elf:3    | Got Mytukuar's Cyclopedia of the Snowflakes
 32148 | Elf:3    | Found the +2 pair of slick slippers {slick, slippery, EV+4}
 32153 | Elf:3    | Got the Handbook of the Assembled Curse
 32155 | Elf:3    | Upgraded the game from 0.31-a0-271-gb88eb75e06 to
                  | 0.31-a0-277-g31ea1f65cc
 32170 | Elf:3    | Got the Folio of the Shot
 32172 | Elf:3    | Got the Secrets of Sinister Support
 32176 | Elf:3    | Got Wufetzef's Thoughts on Maledictive Toxicity
 32665 | Swamp:1  | Entered Level 1 of the Swamp
 33146 | Swamp:1  | Found a runed translucent door.
 33148 | Swamp:1  | Noticed jt's ghost (journeyman VSDe)
 33148 | Swamp:1  | Identified the +7 trident of Infection {drain, rCorr}
 33283 | Swamp:2  | Reached skill level 15 in Spellcasting
 34923 | Swamp:2  | Offered knowledge of Fire Storm by Vehumet.
 34923 | Swamp:2  | Offered knowledge of Chain Lightning by Vehumet.
 34923 | Swamp:2  | Offered knowledge of Ignition by Vehumet.
 35384 | Swamp:2  | HP: 6/134 [swamp drake (5)]
 35697 | Swamp:2  | Reached skill level 16 in Conjurations
 36094 | Swamp:2  | Reached skill level 16 in Air Magic
 36400 | Swamp:3  | Reached XP level 19. HP: 108/139 MP: 38/38
 36488 | Swamp:2  | Slain by an alligator

Illustrated notes

Levels and vault maps discovered:
D:1:      amcnicky_arrival_underground_garden, layout_loops_corners
D:2:      layout_rooms
D:3:      layout_basic, nemelex_spade_bored_becter,
          mainiacjoe_overflow_six_doors_small,
          mainiacjoe_overflow_catwalk_spiral, dk_vineyard_1,
          nicolae_elevator_lobby_asterisk
D:4:      layout_cave_pods, serial_shops, shop_statue,
          nicolae_shop_tiny_statue_garden, feat_on_display
D:5:      layout_loops_ring, nicolae_wu_jian_glorious_leap, uniq_eustachio,
          uniq_ijyb
D:6:      layout_rooms, minmay_temple_entry_proselytizer,
          lightli_sewer_entry_pipes, nzn_random_ring
D:7:      layout_basic, mainiacjoe_overflow_alcove_2, serial_shops, shop_statue,
          nicolae_stop_n_shop_1, minmay_hollow_rounded_squares
D:8:      layout_layer_cave, nrook_loot_triangle
D:9:      layout_rooms, yredelemnul_altar_generic, erik_lair_orcish_takeover,
          serial_shops, shop, glass_columns_b
D:10:     layout_layer_cave, serial_shops, shop, grunt_decor_mini_mirrors,
          dreamdust_mushroom_princess, nicolae_underground_beach
D:11:     layout_roguey, david_orc_2, uniq_psyche
D:12:     wad_woods_minihive, layout_basic, serial_shops,
          nicolae_shop_back_alley_shop, uniq_nessos, uniq_azrael
D:13:     layout_long_grid, nicolae_ru_awakened_eye
D:14:     layout_roguey, grunt_vaults_entry_fortified, serial_shops, shop,
          portal_ice_cave_entry_pillars_2, uniq_agnes
D:15:     grunt_enter_depths_magical_seal, layout_cave_pools,
          gammafunk_ghost_necromancy, fountainhead
Temple:   nicolae_temple_superstar
Lair:1:   layout_cave_pods, basic_altar
Lair:2:   layout_roguey, chequers_serial_rivers_micro_a, tgw_fedhas, uniq_sonja,
          uniq_prince_ribbit2, uniq_fannar
Lair:3:   layout_regular_city, swamp_mist, nicolae_spider_entry_orb_guardian,
          ice2_lemuel, infiniplex_staircase_pool
Lair:4:   beast_lair_carwin_large_1, layout_cellular_growth,
          minmay_lair_oklob_bushes, uniq_snorg
Lair:5:   hangedman_lair_in_review, layout_regular_city,
          guppyfry_lair_end_dragon, dpeg_slime_entry_enclosed, st_stairs_5,
          uniq_kirke
Swamp:1:  layout_falls_marsh, ebering_ghost_funeral_grove,
          evilmike_swamp_ruin_house_4, infiniplex_staircase_pool_2
Swamp:2:  layout_falls_marsh, evilmike_swamp_ruin_house_2
Swamp:3:  nicolae_swamp_decorative_isthmus, layout_falls_marsh,
          gammafunk_ghost_berserking_beasts, evilmike_swamp_ruin_wall,
          swamp_pool1
Orc:1:    layout_caves, serial_shops, nicolae_diamond_shop, uniq_gastronok
Orc:2:    st_orc_congregation, layout_diamond_mine
Elf:1:    elf_arrival_002, layout_gridlike, serial_shops,
          nicolae_shop_hallway_plus, minmay_elf_crystal_heptagon, uniq_roxanne,
          uniq_asterion
Elf:2:    nicolae_elf_blades_splatter_lattice
          [nicolae_blade_entry_floor_patterns], layout_onion_city,
          minmay_shop_grove, uniq_saint_roka
Elf:3:    minmay_elf_hall_quartered_circle, layout_geoelf_grid, serial_shops,
          shop, statue_in_the_mist_lemuel, grunt_megastairs_5, uniq_aizul

Skill      XL: |  1  2  3  4  5  6  7  8  9 10 11 12 13 14 15 16 17 18 |
---------------+-------------------------------------------------------+-----
Conjurations   | 2 3 4 5 6 8 9 10 11 12 13 14 15 16 | 16.0
Translocations | 2 3 5 |  5.0
Air Magic      | 1 2 3 4 5 6 7 9 10 11 12 13 14 15 16 | 16.0
Spellcasting   | 4 5 6 7 8 9 10 11 12 13 14 15 | 15.2
Fighting       | 3 4 6 8 9 10 12 13 14 15 | 15.4
Evocations     | 2 4 5 6 7 8 9 10 11 12 | 12.4
Transmutations | 2 3 5 |  5.0
Dodging        | 4 5 6 7 |  7.7
Hexes          | 3 4 |  4.9
Fire Magic     | 3 4 |  4.7
Stealth        | |  2.6
Summonings     | |  1.0

Action                     |  1- 3 |  4- 6 |  7- 9 | 10-12 | 13-15 | 16-18 | 19-21 || total
---------------------------+-------+-------+-------+-------+-------+-------+-------++-------
  Melee: Dagger            |    84 |   103 |   235 |    52 |    41 |    12 |       ||   527
         Constrict         |    23 |    24 |    78 |    20 |    11 |     6 |       ||   162
         Tentacles         |    21 |    21 |    81 |    23 |    18 |     5 |       ||   169
         Unarmed           |       |     6 |       |       |       |       |       ||     6
         Punch             |       |     2 |     6 |     1 |     4 |       |       ||    13
   Cast: Mephitic Cloud    |       |     8 |    18 |     3 |       |       |       ||    29
         Airstrike         |       |       |    32 |   146 |   401 |   605 |     8 ||  1192
         Blink             |       |       |     1 |     3 |     2 |     7 |     1 ||    14
         Arcjolt           |       |       |     2 |    47 |    63 |    49 |       ||   161
         Freezing Cloud    |       |       |       |     7 |    80 |    28 |       ||   115
         Magic Dart        |       |       |       |     1 |       |       |       ||     1
         Maxwell's Capacit |       |       |       |       |       |    59 |       ||    59
         Yara's Violent Un |       |       |       |       |       |     1 |       ||     1
Ability: Begin Untransform |       |       |       |       |       |     1 |       ||     1
  Evoke: Wand              |       |     8 |       |     1 |       |     4 |       ||    13
         Lightning rod     |       |       |       |     2 |       |       |       ||     2
         Phial of floods   |       |       |       |       |       |     1 |       ||     1
         Phantom mirror    |       |       |       |       |       |     1 |       ||     1
    Use: Scroll            |       |     7 |     5 |     3 |     7 |    13 |       ||    35
         Potion            |       |     1 |       |       |     3 |     6 |       ||    10
   Stab: Sleeping          |    14 |     8 |    11 |     7 |     1 |       |       ||    41
         Confused          |       |     3 |     8 |       |       |       |       ||    11
         Distracted        |       |       |     1 |     1 |     1 |       |       ||     3
 Armour: Skin              |    11 |    10 |     4 |     3 |     6 |     6 |       ||    40
  Dodge: Dodged            |    53 |    76 |   277 |    77 |   129 |   226 |    12 ||   850
         Form:             |       |       |       |     1 |       |       |       ||     1
         Beast             |       |       |       |     1 |       |       |       ||     1
         Anaconda          |       |       |       |       |       |     1 |       ||     1

Table legend: (Time is in decaauts)
 A = Elapsed time spent in this place.
 B = Non-inter-level travel time spent in this place.
 C = Inter-level travel time spent in this place.
 D = Time resting spent in this place.
 E = Time spent auto-exploring this place.
 F = Levels seen in this place.
 G = Mean time per level.
                   A        B        C        D        E       F      G
               +--------+--------+--------+--------+--------+-----+--------+
         Total |  36592 |  34593 |   1999 |  11888 |  14904 |  31 | 1180.4 |
       Dungeon |  15159 |  14209 |    950 |   2895 |   8248 |  15 | 1010.6 |
        Temple |    117 |     99 |     18 |      0 |     74 |   1 |  117.0 |
          Lair |   6628 |   6117 |    511 |   1534 |   3128 |   5 | 1325.6 |
         Swamp |   3693 |   3545 |    148 |   2420 |    511 |   3 | 1231.0 |
  Orcish Mines |   1752 |   1660 |     92 |    577 |    817 |   2 |  876.0 |
   Elven Halls |   7059 |   6781 |    278 |   3819 |   1678 |   3 | 2353.0 |
         Sewer |    505 |    505 |      0 |     57 |    208 |   1 |  505.0 |
      Ice Cave |   1676 |   1676 |      0 |    586 |    240 |   1 | 1676.0 |
               +--------+--------+--------+--------+--------+-----+--------+

Top non-repeatable levels by time:
   Elf:1: 2893 daAuts
 Swamp:1: 2833 daAuts
   Elf:3: 2701 daAuts
  Lair:5: 1826 daAuts
   IceCv: 1676 daAuts
     D:6: 1559 daAuts
  Lair:2: 1521 daAuts
    D:10: 1492 daAuts
   Elf:2: 1463 daAuts
   Orc:2: 1317 daAuts
     D:5: 1305 daAuts
     D:8: 1256 daAuts
    D:12: 1150 daAuts
  Lair:1: 1140 daAuts
  Lair:3: 1121 daAuts
